 Dungeon Crawl Stone Soup version 0.21.1-1-g345015f (webtiles) character file.

224 troglodite the Skirmisher (level 5, -1/42 HPs)
             Began as a Demonspawn Berserker on July 11, 2018.
             Was a Believer of Trog.
             Slain by an ooze (4 damage)
             ... on level 3 of the Dungeon.
             The game lasted 00:10:05 (2356 turns).

troglodite the Skirmisher (Demonspawn Berserker)    Turns: 2356, Time: 00:10:06

Health: -1/42      AC: -2    Str: 17    XL:     5   Next: 67%
Magic:  5/5        EV:  6    Int:  8    God:    Trog [**....]
Gold:   48         SH:  0    Dex: 14    Spells: 4/4 levels left

rFire    . . .     SeeInvis .   a - +0 falchion
rCold    + . .     Gourm    .   (no shield)
rNeg     . . .     Faith    .   b - +0 plate armour
rPois    .         Spirit   .   (helmet restricted)
rElec    .         Reflect  .   (no cloak)
rCorr    .         Harm     .   m - +0 pair of gloves (curse)
MR       .....                  i - +0 pair of boots
Stlth    ..........             (no amulet)
HPRegen  0.14/turn              k - ring of protection from cold
MPRegen  0.09/turn              (no ring)

@: corroded
A: claws 1, horns 1
a: Berserk, Trog's Hand, Burn Spellbooks, Renounce Religion


You were on level 3 of the Dungeon.
You worshipped Trog.
Trog was pleased with you.
You were not hungry.

You visited 1 branch of the dungeon, and saw 3 of its levels.

You collected 48 gold pieces.

Inventory:

Hand Weapons
 a - a +0 falchion (weapon)
Armour
 b - a +0 plate armour (worn)
 i - a +0 pair of boots (worn)
 m - a cursed +0 pair of gloves (worn)
Jewellery
 k - a ring of protection from cold (left hand)
Scrolls
 d - 6 scrolls of teleportation {unknown}
 e - 3 scrolls of blinking {unknown}
 f - a scroll of fear {unknown}
 g - 8 scrolls of identify {unknown}
 j - 2 scrolls of remove curse {unknown}
 n - a scroll of amnesia {unknown}
Potions
 h - a potion of heal wounds {unknown}
Comestibles
 c - a ration


   Skills:
 * Level 4.1 Fighting
 + Level 3.8 Long Blades
 * Level 3.4 Armour
 * Level 2.4 Dodging
 + Level 0.1 Stealth


You had 4 spell levels left.
You didn't know any spells.

Dungeon Overview and Level Annotations

Branches:
Dungeon (3/15)

Altars:


Innate Abilities, Weirdness & Mutations

You have sharp fingernails.
You have a pair of small horns on your head.


Message History

The jelly is moderately wounded.
The jelly hits you but does no damage.
You hit the jelly but do no damage. The acid corrodes you!
Your hands burn!
You headbutt the jelly, but do no damage.
The jelly is moderately wounded.
The jelly hits you.
You are splashed with acid!
The acid burns!
You hit the jelly. The acid corrodes you!
Your hands burn!
You headbutt the jelly, but do no damage.
The jelly is heavily wounded.
The jelly hits you.
You are splashed with acid!
The acid burns!
The ooze hits you.
You hit the jelly but do no damage. The acid corrodes you!
Your hands burn!
* * * LOW HITPOINT WARNING * * *
The jelly is heavily wounded.
The jelly hits you.
* * * LOW HITPOINT WARNING * * *
You are splashed with acid!
The acid burns!
* * * LOW HITPOINT WARNING * * *
The ooze hits you.
You die...

###########
#.P.P.P.÷?#
#.P÷......#
#.P.P...÷÷#
#....÷...÷#
#.PJJ...P.#
#..@.....÷#
##.########
##†..(((##
########(#
#....'..##
#....####
#.......#
#.......#
#..†....#


You could see a jelly and an ooze.

Vanquished Creatures
  A scorpion (D:2)
  2 jellies (D:3)
  An adder (D:2)
  6 oozes (D:3)
  A worm (D:2)
  2 dart slugs
  2 leopard geckos (D:2)
  7 bats
  5 giant cockroaches
  4 goblins
  9 hobgoblins
  2 jackals (D:1)
  A quokka (D:2)
  2 ball pythons
  5 frilled lizards
  14 kobolds
  8 rats
72 creatures vanquished.

Vanquished Creatures (others)
  3 fungi (D:3)
  7 toadstools (D:3)
10 creatures vanquished.

Grand Total: 82 creatures vanquished

Notes
Turn   | Place    | Note
-------+----------+-------------------------------------------
     0 | D:1      | troglodite the Demonspawn Berserker began the quest for the Orb.
     0 | D:1      | Reached XP level 1. HP: 18/18 MP: 1/1
    90 | D:1      | Gained mutation: You have a pair of small horns on your head. [demonic ancestry]
    90 | D:1      | Reached XP level 2. HP: 24/24 MP: 2/2
   387 | D:1      | Reached XP level 3. HP: 29/29 MP: 3/3
   670 | D:2      | Reached ** piety under Trog
  1160 | D:2      | Noticed a scorpion
  1173 | D:2      | Killed a scorpion
  1173 | D:2      | Reached XP level 4. HP: 23/37 MP: 4/4
  2201 | D:3      | Reached skill level 4 in Fighting
  2201 | D:3      | Gained mutation: You have sharp fingernails. [demonic ancestry]
  2201 | D:3      | Reached XP level 5. HP: 33/42 MP: 5/5
  2356 | D:3      | Slain by an ooze

Skill      XL: |  1  2  3  4 |
---------------+-------------+-----
Long Blades    | 3 |  3.8
Dodging        | 2 |  2.4
Armour         | 2 3 |  3.4
Fighting       | 4 |  4.1
Stealth        | |  0.1

Action                   |  1- 3 |  4- 6 || total
-------------------------+-------+-------++-------
Melee: Falchion          |   117 |    55 ||   172
       Headbutt          |    25 |    12 ||    37
Invok: Berserk           |     2 |     2 ||     4
       Trog's Hand       |     1 |       ||     1
  Eat: Chunk             |     2 |     2 ||     4
       Ration            |       |     2 ||     2
Armor: Animal skin       |    11 |       ||    11
       Scale mail        |    44 |     8 ||    52
       Plate armour      |       |    24 ||    24
Dodge: Dodged            |    71 |    17 ||    88
       Rpst.: Falchion   |    22 |     3 ||    25
